 Dungeon Crawl Stone Soup version 0.16-a0-4133-g472b14a (webtiles) character file.

1659221 BluebellGnoll the Conqueror (level 27, 273/273 HPs)
             Began as a Minotaur Berserker on Feb 27, 2015.
             Was the Champion of Trog.
             Escaped with the Orb
             ... and 3 runes on Mar 3, 2015!
             The game lasted 13:21:50 (93144 turns).

BluebellGnoll the Conqueror (Minotaur Berserker)   Turns: 93144, Time: 13:21:50

Health: 273/273    AC: 51    Str: 30    XL:     27
Magic:  47/47      EV: 20    Int:  9    God:    Trog [******]
Gold:   4552       SH: 20    Dex: 23    Spells: 0 memorised, 26 levels left

rFire  + + +     SeeInvis .     S - +9 war axe of Serendipity {chop, Int+5 Stlth+}
rCold  + . .     Clarity  .     a - +9 gold dragon armour
rNeg   + + +     SustAb   .     w - +0 shield {rN+}
rPois  +         Gourm    .     n - +1 hat
rElec  +         Spirit   .     N - +2 cloak {MR+}
rCorr  .         Warding  .     s - +2 pair of gloves {Dex+3}
rMut   .         Stasis   .     W - +2 pair of boots {Fly}
MR     +++++                    X - amulet of regeneration
Stlth  ..........               g - ring of Xoopn {Wiz rF+ MR+ Stlth+}
                                K - ring of the Amoeba {rElec rPois rF+ rN++ MP+9}

@: agile, flying, very slightly contaminated, regenerating, hasted, very quick,
almost entirely resistant to hostile enchantments, extremely unstealthy
A: retaliatory headbutt, hooves 1, horns 2, slimy green scales 1, camouflage 2
a: Burn Spellbooks, Berserk, Trog's Hand, Brothers in Arms, Renounce Religion,
Stop Flying
0: Orb of Zot
}: 3/15 runes: barnacled, slimy, gossamer


You escaped.
You worshipped Trog.
Trog was exalted by your worship.
You were full.

You visited 13 branches of the dungeon, and saw 65 of its levels.
You visited the Abyss 2 times.
You visited 1 bazaar.
You visited 1 ziggurat, and saw 20 of its levels.
You also visited: Ice Cave.

You collected 9060 gold pieces.
You spent 4508 gold pieces at shops.

Inventory:

Hand weapons
 H - the +8 war axe of Hard Scrabble {flame, +Fly rC+ Int+2}
   (Trog gifted it to you on level 14 of the Dungeon)

   It has been specially enchanted to burn those struck by it, causing extra
   injury to most foes and up to half again as much damage against particularly
   susceptible opponents.
   Big, fiery blades are also staple armaments of hydra-hunters.
   It affects your intelligence (+2).
   It protects you from cold.
   It lets you fly.
 S - the +9 war axe of Serendipity (weapon) {chop, Int+5 Stlth+}
   (Trog gifted it to you on level 2 of the Realm of Zot)

   It inflicts extra damage upon your enemies.
   It affects your intelligence (+5).
   It makes you more stealthy.
Missiles
 e - 12 throwing nets
 h - 4 poisoned javelins
 l - 43 javelins of penetration
 x - 10 javelins of returning (quivered)
Armour
 a - a +9 gold dragon armour (worn)
 n - a +1 hat (worn)
 s - a +2 pair of gloves of dexterity (worn)
 w - a +0 shield of positive energy (worn)
 N - a +2 cloak of magic resistance (worn)
 W - a +2 pair of boots of flying (worn)
Jewellery
 b - an uncursed amulet of clarity
 g - the ring of Xoopn (right hand) {Wiz rF+ MR+ Stlth+}
   (You took it off a merfolk aquamancer on level 5 of the Shoals)

   [ring of wizardry]

   It improves your spell success rate.
   It protects you from fire.
   It affects your resistance to hostile enchantments.
   It makes you more stealthy.
 o - an uncursed ring of teleport control
 I - the amulet "Hiuch" {rMut rC+ Str+4 Slay+2}
   (You found it on level 7 of the Lair of Beasts)

   [amulet of resist mutation]

   It protects you from mutation.
   It affects your strength (+4).
   It affects your accuracy and damage with ranged weapons and melee attacks
   (+2).
   It protects you from cold.
 J - an uncursed ring of teleportation
 K - the ring of the Amoeba (left hand) {rElec rPois rF+ rN++ MP+9}
   (You found it on level 19 of a ziggurat)

   [ring of protection from fire]

   It protects you from fire.
   It insulates you from electricity.
   It protects you from poison.
   It greatly protects you from negative energy.
   It affects your magic capacity (+9).
 U - the ring of Ponyic {rC+ Str+6}
   (You found it on level 5 of the Realm of Zot)

   [ring of protection from cold]

   It affects your strength (+6).
   It protects you from cold.
 V - the ring of Qyenkop {+Blink Int+2 SInv}
   (You found it on level 3 of a ziggurat)

   [ring of see invisible]

   It affects your intelligence (+2).
   It enhances your eyesight.
   It lets you blink.
 X - an amulet of regeneration (around neck)
 Y - an uncursed amulet of the gourmand
Magical devices
 i - a wand of confusion (39)
 j - a wand of draining (9)
 r - a wand of teleportation (6)
 E - a wand of invisibility (6)
 Q - a wand of digging (11)
Scrolls
 d - 9 scrolls of fog
 q - 6 scrolls of holy word
 u - 9 scrolls of immolation
 y - a scroll of silence
 F - 9 scrolls of fear
 L - 22 scrolls of teleportation
 M - 32 scrolls of remove curse
 P - 12 scrolls of identify
 R - 9 scrolls of magic mapping
 T - 13 scrolls of recharging
 Z - 6 scrolls of blinking
Potions
 f - 26 potions of curing
 m - a potion of haste
 p - 3 potions of cure mutation
 z - 6 potions of heal wounds
 A - a potion of agility
 D - 10 potions of cancellation
Miscellaneous
 k - a fan of gales
 B - 2 phantom mirrors
 C - a disc of storms
 G - a phial of floods
 O - a lamp of fire
Comestibles
 c - 41 bread rations


   Skills:
 O Level 27 Fighting
 O Level 27 Axes
 + Level 26.7 Throwing
 O Level 27 Armour
 - Level 8.4 Dodging
 - Level 25.0 Shields
 - Level 5.5 Unarmed Combat
 - Level 17.1 Evocations


You had 26 spell levels left.
You didn't know any spells.

Dungeon Overview and Level Annotations

Branches:
Dungeon (15/15)            Temple (1/1) D:7            Lair (8/8) D:11
 Shoals (5/5) Lair:5       Spider (5/5) Lair:4        Slime (6/6) Lair:6
    Orc (4/4) D:9             Elf (3/3) Orc:3        Vaults (4/5) D:13
  Crypt (3/3) Vaults:3       Tomb (0/3) Crypt:3      Depths (5/5) D:15
   Hell (1/1)                 Dis (0/7) Hell            Geh (0/7) Hell
    Coc (0/7) Hell            Tar (0/7) Hell            Zot (5/5) Depths:5

Altars:
Cheibriados
Dithmenos
Elyvilon
Fedhas
Makhleb
Nemelex Xobeh
Okawaru
Qazlal
Ru
Sif Muna
Trog
Vehumet
Xom
Yredelemnul
Zin
Beogh
Jiyva

Shops:
D:7 %   D:12 }}(=[   D:14 (   D:15 ?**   Orc:4 *[([   Elf:1 (   Elf:3 (
Shoals:1 (

Portals:
Hell: Depths:1 Depths:2 Depths:3 Depths:4 Depths:5
Abyss: Depths:1 Depths:4
Pandemonium: Depths:2 Depths:3 Depths:4

Annotations:
Orc:4 apport rod


Innate Abilities, Weirdness & Mutations

You reflexively headbutt those who attack you in melee.
You have a pair of horns on your head.
You have large cloven feet.
You are partially covered in slimy green scales (AC +2).
Your skin blends seamlessly with your surroundings (Stealth).


Message History

Throef is severely wounded.
The javelin of returning returns to your pack!
Throwing (i - inventory. (,) - cycle):
x - 11 javelins of returning (quivered)
Press: ? - help, Shift-Dir - straight line, f/p - Throef
Aim: Throef (severely wounded)
You throw a javelin of returning. The javelin of returning hits Throef!!
Throef is almost dead.
The javelin of returning fails to return to your pack!
Throwing (i - inventory. (,) - cycle):
x - 10 javelins of returning (quivered)
Press: ? - help, Shift-Dir - straight line, f/p - Throef
Aim: Throef (almost dead)
You throw a javelin of returning. The javelin of returning hits Throef!!
You kill Throef!
Trog accepts your kill.
Trog appreciates your killing of a magic user.
The javelin of returning returns to your pack!
Drink which item? (? for menu, Esc to quit)
Okay, then.
HP restored.
You have escaped!

#.##.#..P♣..# #...#.>.........#
#.##.##.....###.8.##.##.....#.#
.....###......#...#.........#.#
###..# ##..##.#.8..#.#####.##.# #
#.## ##.##.....##.# #.##.###
###.# ####(#.>.###### #.##.##.
....# #......(......###.##.##.
.#### ####.............#...#..##.
.# #..#......@......#.###.###. .#
#.##.............#..##.# #.
.######.##.............#...#.###.
.........####.##########....#....
.######.##.....#..#........#.####
.# #.##..........#.....##.# # .#
#.##...............###.# # .#
#...................##.####
.######.##........#.#####........


There were no monsters in sight!

Vanquished Creatures
  the royal jelly (Slime:6)
  6 orbs of fire (Zot:5)
  6 ancient liches
  The ghost of Eptagon the Invulnerable, a legendary FoFi of Nemelex Xobeh (Zig:16)
  4 pandemonium lords
  Sojobo (Vaults:3)
  Margery (Vaults:3)
  Norris (Elf:2)
  4 Killer Klowns
  2 curse toes
  Geryon (Hell)
  8 golden dragons
  A profane servitor (Crypt:3)
  Xtahua (Depths:3)
  Frederick (Vaults:2)
  7 liches
  2 bone dragons
  4 Brimstone Fiends
  4 electric golems
  A Hell Sentinel (Zig:20)
  10 tentacled monstrosities
  26 Orb Guardians
  3 deep elf master archers
  4 deep elf blademasters
  2 titans
  2 Ice Fiends
  3 Shadow Fiends
  Murray (Depths:3)
  5 tentacled starspawn
  23 acid blobs
  6 sphinxes
  2 Executioners
  A thorn hunter (Zig:20)
  3 ancient champions
  2 octopode crushers (Zig:15)
  Agnes (Depths:3)
  5 shadow dragons
  5 tengu reavers
  16 draconian monks
  9 storm dragons
  3 revenants
  Roxanne (Shoals:4)
  A blood saint (Zig:20)
  16 greater nagas
  10 fire giants
  3 orc warlords
  13 azure jellies
  Donald (Shoals:2)
  Wiglaf (Vaults:3)
  10 ghost moths
  Maud (Lair:3)
  10 vault wardens
  2 iron dragons
  3 deep elf sorcerers
  11 draconian knights
  10 frost giants
  7 balrugs
  8 emperor scorpions
  2 curse skulls (Crypt:3)
  A spriggan defender (Depths:4)
  8 draconian scorchers
  9 draconian zealots
  6 cacodemons
  Gastronok (D:9)
  3 caustic shrike zombies
  15 ghouls
  2 warmongers
  9 draconian annihilators
  Jorgrun (Vaults:2)
  25 very ugly things
  15 reapers
  3 war gargoyles
  5 rakshasas
  3 caustic shrike skeletons
  2 draconian callers
  13 ironheart preservers
  3 draconian shifters
  14 black draconians
  10 green draconians
  22 stone giants
  2 lorocyprocas
  2 vampire knights
  3 grey draconians
  7 yellow draconians
  A salamander firebrand (Hell)
  3 black suns (Zig:20)
  17 deep elf demonologists
  11 purple draconians
  9 white draconians
  A chaos champion (Zig:20)
  6 mottled draconians
  19 red draconians
  6 dire elephants
  12 deep elf annihilators
  2 corrupters (Zig:20)
  2 unborn (Crypt:3)
  9 pale draconians
  9 eidola
  8 ettins
  Snorg (Orc:1)
  10 merfolk javelineers
  A mummy priest (Crypt:3)
  13 vault guards
  3 blizzard demons
  4 deep elf high priests
  10 merfolk impalers
  9 deep elf death magi
  4 minotaurs
  13 death oozes
  22 fire dragons
  4 jiangshi
  10 death cobs
  3 green deaths
  18 great orbs of eyes
  10 ogre magi
  2 spriggan air magi
  15 yaktaur captains
  24 ice dragons
  6 naga warriors
  7 hydras
  3 anacondas
  Nessos (Spider:2)
  4 hell beasts
  3 merfolk avatars
  2 satyrs
  3 alligator snapping turtles
  15 dancing weapons
  18 centaur warriors
  5 death knights
  5 deep troll earth magi
  10 deep troll shamans
  26 death yaks
  7 merfolk aquamancers
  6 vampire magi
  2 titan zombies
  9 thrashing horrors
  7 soul eaters
  A spectral fire giant (Crypt:2)
  3 orc high priests
  5 naga sharpshooters
  6 tengu warriors
  Urug (Orc:4)
  6 spriggan berserkers
  4 storm dragon zombies
  An iron golem (Hell)
  Nergalle (Orc:2)
  A hell hog (Depths:1)
  31 deep elf knights
  9 shock serpents
  9 wretched stars
  A gelid demonspawn (Depths:4)
  The ghost of barkface the Fighter, an experienced DsBe of Trog (D:9)
  A titan skeleton (Zig:18)
  3 shadow wraiths
  9 iron trolls
  53 skeletal warriors
  2 salamander mystics
  3 spatial maelstroms
  11 sun demons
  A spectral anaconda (Crypt:2)
  24 deep trolls
  2 storm dragon skeletons (Zig:18)
  2 fire crabs (Shoals:4)
  12 hell knights
  3 unseen horrors
  4 golden dragon zombies
  6 giant orange brains
  14 sea snakes
  3 ghost moth zombies
  An unseen horror (shapeshifter) (Vaults:2)
  An anaconda zombie (Hell)
  A swamp dragon (Zig:20)
  3 death drakes
  21 orc knights
  A giant orange brain (shapeshifter) (Depths:5)
  8 ice devils
  5 wizards
  3 ice statues
  A shadow dragon zombie (Zig:17)
  A putrid demonspawn (Zot:5)
  13 flayed ghosts
  7 hill giants
  A golden dragon skeleton (Depths:2)
  9 deep elf summoners
  An infernal demonspawn (Depths:4)
  Pikel (D:6)
  A shambling mangrove (Zig:20)
  3 deathcaps (Zot:2)
  4 shadow demons
  12 necromancers
  24 orb spiders
  A spectral hydra (Crypt:2)
  A sphinx zombie (Zig:17)
  31 harpies
  6 lindwurms (Depths:5)
  A lindwurm (shapeshifter) (Elf:1)
  5 naga ritualists
  4 tengu zombies
  18 deep elf conjurers
  2 wolf spider zombies
  12 ironbrand convokers
  29 phantasmal warriors
  21 manticores
  7 water nymphs
  8 hornets
  24 griffons
  3 stone giant zombies
  2 anaconda skeletons
  A mana viper (Zig:16)
  A spectral ice dragon (Crypt:2)
  39 ugly things
  2 fire giant zombies (Crypt:1)
  7 orc sorcerers
  2 iron dragon zombies
  A shadow dragon skeleton (Hell)
  3 tengu skeletons (Zig:18)
  3 salamanders (Depths:2)
  6 shining eyes
  4 worldbinders (Zig:19)
  11 cyclopes
  34 wolf spiders
  An iron dragon skeleton (Zig:18)
  3 sphinx skeletons
  5 sixfirhies
  2 fire giant skeletons
  2 drowned souls (Shoals:3)
  11 sirens
  Maurice (D:10)
  15 black mambas
  2 octopodes (shapeshifter)
  A salamander (shapeshifter) (Vaults:4)
  7 guardian serpents
  14 elephants
  Joseph (Orc:4)
  7 fauns
  5 naga magi
  23 moths of wrath
  A stone giant skeleton (Crypt:3)
  9 rust devils
  A storm dragon simulacrum (Depths:2)
  9 orange demons
  22 vault sentinels
  2 black mambas (shapeshifter)
  3 torpor snails
  A molten gargoyle (Hell)
  An apocalypse crab (Zig:14)
  9 eyes of devastation
  A queen ant (Lair:6)
  3 komodo dragons
  A dire elephant skeleton (Hell)
  3 gargoyles
  A yaktaur zombie (Zig:2)
  9 smoke demons
  An elephant slug zombie (Crypt:2)
  A shock serpent skeleton (Crypt:1)
  5 hellions
  12 spiny frogs
  20 deep elf priests
  20 demonic crawlers
  3 tengu conjurers
  3 efreet
  3 fire drakes
  2 guardian mummies (Crypt:3)
  2 anaconda simulacra
  35 yaktaurs
  A fire drake (shapeshifter) (Vaults:2)
  A spectral catoblepas (Hell)
  A komodo dragon (shapeshifter) (Zig:19)
  2 tormentors
  7 trolls
  5 kobold demonologists
  2 silent spectres (Crypt:1)
  A yellow draconian skeleton (Crypt:2)
  11 red devils
  A queen bee (Lair:7)
  A baby alligator (shapeshifter) (Depths:4)
  A spriggan druid (Lair:8)
  5 ancient zymes
  9 wandering mushrooms (Zot:2)
  2 catoblepas zombies
  12 blink frogs
  A death drake zombie (Zig:10)
  41 merfolk
  7 wind drakes
  7 blue devils
  153 slime creatures
  3 wolf spider simulacra (D:15)
  A troll (shapeshifter) (Depths:2)
  Grinder (D:6)
  11 polar bears
  Prince Ribbit (D:4)
  2 hellwings (Zig:20)
  A raven (shapeshifter) (Vaults:3)
  13 two-headed ogres
  15 freezing wraiths
  3 bog bodies (Crypt:2)
  A jumping spider zombie (Crypt:1)
  10 boulder beetles
  3 hydra skeletons (Hell)
  35 jumping spiders
  2 ettin zombies
  An alligator zombie (Crypt:3)
  A frost giant simulacrum (Vaults:2)
  4 raiju
  14 ravens
  2 spriggan zombies (Depths:5)
  An ice dragon zombie (Hell)
  A basilisk (D:11)
  2 blink frogs (shapeshifter)
  37 large abominations
  A fire giant simulacrum (Vaults:3)
  A tarantella (shapeshifter) (Zig:9)
  A yak (shapeshifter) (Zig:4)
  14 snapping turtles
  17 trapdoor spiders
  An ice dragon skeleton (Crypt:1)
  70 redbacks
  4 ynoxinuls
  The ghost of Charly the Magician, an average DEIE (D:5)
  15 spriggans
  39 deep elf magi
  11 flying skulls
  45 starcursed masses
  5 water elementals
  A hog (shapeshifter) (Vaults:3)
  A wyvern (shapeshifter) (Vaults:1)
  An elf simulacrum (Zig:19)
  5 air elementals
  17 hippogriffs
  44 deep elf fighters
  A satyr skeleton (Crypt:2)
  39 yaks
  24 fire elementals
  3 shadows
  3 vampires
  24 wraiths
  Eustachio (D:6)
  A golden eye (shapeshifter) (Depths:4)
  34 tarantellas
  4 golden eyes
  Grum (D:10)
  7 neqoxecs
  5 hungry ghosts
  6 chaos spawn
  A soldier ant (shapeshifter) (Depths:5)
  2 human simulacra
  5 insubstantial wisps (Abyss:1)
  8 wargs
  22 vampire mosquitoes
  37 wolves
  3 nagas
  2 raven zombies (D:15)
  34 water moccasins
  4 mottled dragons
  15 soldier ants
  A spatial vortex (Zig:19)
  A naga (shapeshifter) (D:15)
  2 spiny frog zombies
  50 spiders
  6 swamp drakes
  30 ice beasts
  19 hell hounds
  5 raven skeletons (Crypt:3)
  2 slaves (D:5)
  An ice dragon simulacrum (Crypt:3)
  4 sky beasts
  11 eyes of draining
  5 porcupines
  A fire dragon simulacrum (Crypt:1)
  4 phantoms
  4 spiny frog skeletons
  71 orc warriors
  6 black bears
  3 boring beetles
  11 wasps
  2 snapping turtle zombies (Hell)
  2 manticore zombies (Crypt:3)
  A black bear (shapeshifter) (Elf:3)
  A human skeleton (Vaults:2)
  2 manticore skeletons
  2 swamp dragon zombies (Crypt:3)
  9 boggarts
  29 centaurs
  38 ogres
  2 snapping turtle skeletons
  14 necrophages
  An anubis guard skeleton (Crypt:1)
  7 lost souls
  11 big kobolds
  9 crocodiles
  Duvessa (D:4)
  Blork the orc (Orc:4)
  21 giant frogs
  3 elf skeletons
  A spiny frog simulacrum (Hell)
  A wyvern skeleton (D:12)
  2 troll zombies (Crypt:3)
  A spectral naga (Crypt:3)
  8 scorpions
  28 wights
  23 small abominations
  48 killer bees
  A vampire bat (D:3)
  Dowan (D:4)
  3 goliath beetles (D:6)
  3 electric eels
  44 orc priests
  A wasp zombie (Depths:5)
  12 crimson imps
  5 quasits
  2 giant frog zombies
  2 human zombies
  8 hounds
  9 centaur zombies
  A giant frog skeleton (Crypt:1)
  52 jellies
  5 elf zombies
  4 iguanas
  12 iron imps
  12 centaur skeletons
  A gnoll shaman (D:7)
  18 hell rats
  A lightning spire (Zig:17)
  56 orc wizards
  20 sheep
  46 worker ants
  A killer bee zombie (D:6)
  Ijyb (D:6)
  A hound skeleton (D:11)
  A hound zombie (D:5)
  3 mummies (Crypt:3)
  45 adders
  5 gnolls (D:7)
  74 river rats
  A worker ant zombie (D:5)
  5 white imps
  5 shadow imps
  3 giant eyeballs
  10 ufetubi
  4 worms
  An adder skeleton (D:4)
  9 fire bats
  6 giant geckos
  An ooze (D:3)
  262 orcs
  2 spectral bats (D:3)
  24 bats
  3 bat skeletons (D:3)
  2 bat zombies
  10 giant cockroaches
  A gnoll zombie (Crypt:1)
  18 hobgoblins
  7 jackals
  12 quokkas
  A ball python (D:3)
  A bat simulacrum (D:3)
  5 giant newts
  A giant newt zombie (Crypt:2)
  2 giant spores
  21 goblins
  A jackal skeleton (Crypt:2)
  A jackal zombie (D:6)
  25 kobolds
  2 lurking horrors (Zig:14)
  A quokka zombie (Crypt:1)
  9 rats
  9 ballistomycetes
  17 butterflies (Zig:16)
  5 crawling corpses
  19 fungi
  2 grand avatars (Zot:5)
  16 plants
  5 starspawn tentacles
  2 starspawn tentacle segments (Zig:19)
4342 creatures vanquished.

Vanquished Creatures (collateral kills)
  Saint Roka (Elf:3)
  A Shadow Fiend (Zig:20)
  Ilsuiw (Shoals:3)
  An orc warlord (Orc:3)
  A balrug (Zig:20)
  A draconian scorcher (Zot:2)
  A cacodemon (Zig:20)
  An emperor scorpion (Spider:5)
  A black sun (Zig:20)
  A merfolk impaler (Shoals:5)
  3 merfolk avatars
  A thrashing horror (Zig:14)
  A shadow demon (Zig:20)
  A spatial maelstrom (Zig:14)
  A harpy (Zig:15)
  2 wolf spiders (Spider:1)
  A water nymph (Zig:15)
  2 sirens
  A rust devil (Zig:20)
  A jumping spider (Spider:1)
  5 merfolk (Zig:15)
  3 slime creatures (Slime:6)
  A large abomination (Zig:20)
  3 redbacks (Spider:1)
  2 water elementals (Shoals:3)
  A spider (Spider:1)
  2 orc warriors (Elf:3)
  7 starcursed masses (Zig:14)
  5 orcs (Elf:3)
  A bat (D:9)
54 creatures vanquished.

Vanquished Creatures (others)
  A lich (Vaults:4)
  An Orb Guardian (Zot:5)
  A tengu reaver (Depths:4)
  A draconian scorcher (Zot:2)
  A blood saint (Zig:20)
  A deep elf high priest (Elf:3)
  An ogre mage (Vaults:4)
  A deep elf knight (Elf:2)
  3 large abominations (Vaults:4)
  A deep troll (Shoals:5)
  A hill giant (Zig:20)
  An air elemental (Zig:20)
  4 drowned souls (Shoals:1)
  6 fire elementals
  8 water elementals
  An ancient zyme (Abyss:1)
  A troll (Zig:15)
  A raiju (Abyss:1)
  An earth elemental (Slime:6)
  A ynoxinul (Zig:20)
  A deep elf mage (D:10)
  A neqoxec (Abyss:1)
  A deep elf fighter (Vaults:2)
  A vampire mosquito (D:15)
  3 ogres
  2 slaves (D:6)
  12 lost souls
  A scorpion (D:6)
  A hound (D:6)
  5 sheep (D:8)
  A giant spore (D:6)
  4 bushes (Depths:4)
  A crawling corpse (Elf:1)
  7 fungi (Lair:8)
  6 plants
  14 starspawn tentacles
  89 starspawn tentacle segments
187 creatures vanquished.

Grand Total: 4583 creatures vanquished

Notes
Turn   | Place    | Note
--------------------------------------------------------------
     0 | D:1      | BluebellGnoll, the Minotaur Berserker, began the quest for the Orb.
     0 | D:1      | Reached XP level 1. HP: 19/19 MP: 1/1
   109 | D:1      | Reached skill level 4 in Fighting
   168 | D:1      | Reached XP level 2. HP: 25/28 MP: 1/1
   514 | D:1      | You fall through a shaft!
   529 | D:2      | Reached skill level 5 in Fighting
   571 | D:2      | Acquired Trog's second power
   571 | D:2      | Reached XP level 3. HP: 21/36 MP: 2/2
   612 | D:2      | Found an iron altar of Okawaru.
   822 | D:1      | Reached XP level 4. HP: 44/44 MP: 2/2
  1417 | D:3      | Reached skill level 5 in Axes
  1417 | D:3      | Reached XP level 5. HP: 31/50 MP: 2/2
  1432 | D:3      | Found a white marble altar of Elyvilon.
  1903 | D:3      | Reached skill level 6 in Axes
  1935 | D:3      | Reached XP level 6. HP: 22/57 MP: 3/3
  2097 | D:3      | Reached skill level 7 in Axes
  2427 | D:4      | Found a blossoming altar of Fedhas.
  2526 | D:4      | Reached skill level 8 in Axes
  2667 | D:4      | Reached XP level 7. HP: 62/62 MP: 3/3
  2722 | D:4      | Noticed Prince Ribbit
  2911 | D:4      | Noticed Duvessa
  2912 | D:4      | Noticed Dowan
  2919 | D:4      | Killed Duvessa
  2919 | D:4      | Acquired Trog's third power
  2919 | D:4      | Reached skill level 9 in Axes
  2924 | D:4      | Killed Dowan
  2990 | D:4      | Killed Prince Ribbit
  2990 | D:4      | Reached skill level 10 in Axes
  3052 | D:4      | Reached XP level 8. HP: 70/70 MP: 3/3
  3361 | D:4      | Reached skill level 11 in Axes
  3565 | D:5      | Entered Level 5 of the Dungeon
  3728 | D:5      | Found a shadowy altar of Dithmenos.
  3859 | D:5      | Reached skill level 1 in Throwing
  3863 | D:5      | Gained mutation: You tend to lose your temper in combat. [mutagenic meat]
  3864 | D:5      | Gained mutation: Your natural rate of healing is unusually fast. [mutagenic meat]
  3865 | D:5      | Noticed Charly's ghost (average DEIE)
  3865 | D:5      | Gained mutation: You have difficulty communicating with the divine. [mutagenic meat]
  3880 | D:5      | Killed Charly's ghost
  4339 | D:6      | Noticed Pikel
  4457 | D:6      | Received a gift from Trog
  4457 | D:6      | Reached XP level 9. HP: 81/81 MP: 4/4
  4459 | D:6      | Noticed Grinder
  4480 | D:6      | Killed Grinder
  4576 | D:6      | Gained mutation: Your muscles are strong. (Str +2) [mutagenic meat]
  4593 | D:6      | Noticed Ijyb
  4599 | D:6      | Killed Ijyb
  4705 | D:6      | Killed Pikel
  4705 | D:6      | Reached skill level 5 in Throwing
  4888 | D:6      | Noticed Eustachio
  4900 | D:6      | Killed Eustachio
  4900 | D:6      | Reached skill level 10 in Fighting
  5276 | D:6      | Found a snail-covered altar of Cheibriados.
  5492 | D:6      | Reached XP level 10. HP: 71/94 MP: 4/4
  5498 | D:6      | Found a snail-covered altar of Cheibriados.
  5529 | D:7      | Found a staircase to the Ecumenical Temple.
  5540 | Temple   | Entered the Ecumenical Temple
  5844 | D:7      | Reached skill level 5 in Armour
  5876 | D:7      | Got a pitted leather armour
  6010 | D:7      | Identified the +7 leather armour of the Eagle {rC++ Str-4 Int+2} (You found it on level 7 of the Dungeon)
  6104 | D:7      | Received a gift from Trog
  6111 | D:7      | Found Pheviton's Food Emporium.
  6119 | D:7      | Got a jewelled greatsling {god gift}
  6124 | D:7      | Identified the +8 greatsling "Chungisy" {flame, MR+ Dex+4 Stlth-} (Trog gifted it to you on level 7 of the Dungeon)
  6643 | D:7      | Reached skill level 12 in Fighting
  6780 | D:8      | Found a shimmering altar of Xom.
  7059 | D:8      | Found a sacrificial altar of Ru.
  7620 | D:9      | Noticed barkface's ghost (experienced DsBe)
  7654 | D:9      | Killed barkface's ghost
  7654 | D:9      | Reached skill level 13 in Fighting
  7711 | D:9      | Found a staircase to the Orcish Mines.
  7881 | D:9      | Reached XP level 11. HP: 69/108 MP: 1/4
  7908 | D:9      | Found a burning altar of Makhleb.
  7908 | D:9      | Found a radiant altar of Vehumet.
  7996 | D:9      | Noticed Gastronok
  8015 | D:9      | Killed Gastronok
  8015 | D:9      | Reached skill level 14 in Fighting
  8226 | D:10     | Entered Level 10 of the Dungeon
  8584 | D:10     | Reached skill level 1 in Evocations
  8858 | D:10     | Noticed Maurice
  8862 | D:10     | Killed Maurice
  9147 | D:10     | Received a gift from Trog
  9187 | D:10     | Noticed Grum
  9194 | D:10     | Killed Grum
  9831 | D:11     | Found a stormy altar of Qazlal.
  9889 | D:11     | Reached skill level 5 in Evocations
  9912 | D:11     | Found a staircase to the Lair.
 10094 | D:11     | Noticed an eight-headed hydra
 10114 | D:11     | Killed an eight-headed hydra
 10579 | D:11     | Reached XP level 12. HP: 118/118 MP: 19/19
 11003 | Lair:1   | Entered Level 1 of the Lair of Beasts
 11360 | Lair:1   | Reached skill level 15 in Fighting
 13239 | Lair:3   | Received a gift from Trog
 13390 | Lair:3   | Noticed Maud
 13402 | Lair:3   | Killed Maud
 13402 | Lair:3   | Reached skill level 16 in Fighting
 13952 | Lair:4   | Reached XP level 13. HP: 94/130 MP: 16/20
 14196 | Lair:4   | Found a glowing silver altar of Zin.
 14243 | Lair:4   | Found a hole to the Spider Nest.
 14422 | Lair:4   | Found a staircase to the Shoals.
 14910 | Lair:5   | Reached skill level 15 in Axes
 15111 | Lair:5   | Reached skill level 17 in Fighting
 15190 | Lair:5   | Found a staircase to the Shoals.
 15365 | Lair:5   | Received a gift from Trog
 16169 | Orc:1    | Entered Level 1 of the Orcish Mines
 16267 | Orc:1    | Noticed Snorg
 16285 | Orc:1    | Killed Snorg
 16449 | Orc:2    | Found a deep blue altar of Sif Muna.
 16449 | Orc:2    | Noticed Nergalle
 16456 | Orc:2    | Killed Nergalle
 17040 | Orc:2    | Received a gift from Trog
 17201 | Orc:3    | Upgraded the game from 0.16-a0-4112-g89a4107 to 0.16-a0-4113-g7d8e295
 17527 | Orc:3    | Found a staircase to the Elven Halls.
 17574 | Orc:3    | Noticed an orc warlord
 17745 | Orc:3    | Killed an orc warlord
 17745 | Orc:3    | Reached skill level 18 in Fighting
 17948 | Orc:3    | Received a gift from Trog
 18046 | Orc:3    | Found a roughly hewn altar of Beogh.
 18680 | Orc:4    | Entered Level 4 of the Orcish Mines
 18709 | Orc:4    | Found a roughly hewn altar of Beogh.
 18709 | Orc:4    | Found Rajopeef's Antique Armour Shoppe.
 18734 | Orc:4    | Bought a pair of runed boots for 135 gold pieces
 18957 | Orc:4    | Noticed Blork the orc
 18971 | Orc:4    | Killed Blork the orc
 18971 | Orc:4    | Reached XP level 14. HP: 128/144 MP: 18/21
 18973 | Orc:4    | Noticed Urug
 18989 | Orc:4    | Killed Urug
 19103 | Orc:4    | Reached skill level 19 in Fighting
 19131 | Orc:4    | Found a roughly hewn altar of Beogh.
 19139 | Orc:4    | Received a gift from Trog
 19285 | Orc:4    | Found a roughly hewn altar of Beogh.
 19459 | Orc:4    | Noticed Joseph
 19470 | Orc:4    | Killed Joseph
 19557 | Orc:4    | Found a roughly hewn altar of Beogh.
 19557 | Orc:4    | Found Buuvywow's Assorted Antiques.
 19596 | Orc:4    | Bought a pair of runed gloves for 175 gold pieces
 19684 | Orc:4    | Noticed an orc warlord
 19873 | Orc:4    | Killed an orc warlord
 20000 | Orc:4    | Received a gift from Trog
 20164 | Orc:4    | Found Gatiaw's Antique Armour Emporium.
 20164 | Orc:4    | Found a roughly hewn altar of Beogh.
 20171 | Orc:4    | Found Noxtat's Antique Weapon Shoppe.
 20662 | Lair:6   | Found a staircase to the Slime Pits.
 20711 | Lair:6   | Received a gift from Trog
 21082 | Lair:6   | Received a gift from Trog
 21294 | Lair:6   | Identified a scroll of acquirement
 21879 | Lair:7   | Received a gift from Trog
 22196 | Lair:7   | Got a sparkling platinum amulet
 22971 | D:12     | Found Ginug's Weapon Shoppe.
 23056 | D:12     | Reached skill level 10 in Evocations
 23102 | D:12     | Got a pair of twisted boots
 23113 | D:12     | Identified the +1 pair of boots of the Evil One {Str+6 Int-3} (You found it on level 12 of the Dungeon)
 23238 | D:12     | Found Vedanaar's Gadget Shoppe.
 23304 | D:12     | Bought a lamp of fire for 480 gold pieces
 23364 | D:12     | Found Praamesif's Gadget Emporium.
 23835 | D:12     | Found Clacsig's Armour Boutique.
 23840 | D:12     | Found Monluola's Jewellery Shoppe.
 24304 | D:12     | Received a gift from Trog
 24714 | D:13     | Found a frozen archway.
 24771 | IceCv    | Entered an ice cave
 24781 | IceCv    | Reached XP level 15. HP: 152/152 MP: 27/27
 25145 | D:13     | Found a burning altar of Makhleb.
 25525 | D:13     | Found a gate to the Vaults.
 26043 | D:14     | Found Tweu's Antique Weapon Shop.
 26307 | D:14     | Received a gift from Trog
 26313 | D:14     | Got a faintly glowing war axe {god gift}
 26320 | D:14     | Identified the +8 war axe of Hard Scrabble {flame, +Fly rC+ Int+2} (Trog gifted it to you on level 14 of the Dungeon)
 26792 | Spider:1 | Entered Level 1 of the Spider Nest
 27465 | Spider:1 | Identified the amulet "Hiuch" {rMut rC+ Str+4 Slay+2} (You found it on level 7 of the Lair of Beasts)
 27913 | Shoals:1 | Entered Level 1 of the Shoals
 28045 | Shoals:1 | Received a gift from Trog
 28098 | Shoals:1 | Found Shraide's Antique Weapon Emporium.
 29086 | Lair:8   | Entered Level 8 of the Lair of Beasts
 29163 | Lair:8   | Reached XP level 16. HP: 158/161 MP: 29/29
 29286 | Lair:8   | Reached skill level 10 in Throwing
 29897 | Lair:8   | Received a gift from Trog
 30175 | Lair:8   | Reached skill level 20 in Fighting
 30433 | Lair:8   | Received a gift from Trog
 30866 | D:15     | Entered Level 15 of the Dungeon
 30919 | D:15     | Found Ymudaafa's Magic Scroll Shop.
 30942 | D:15     | Bought a scroll of teleportation for 45 gold pieces
 30986 | D:15     | Got a shimmering platinum ring
 30990 | D:15     | Identified the ring "Choseenn" {+Blink rElec Stlth-} (You found it on level 15 of the Dungeon)
 31288 | D:15     | Got a warped ivory ring
 31374 | D:15     | Found Cihoquim's General Store.
 31391 | D:15     | Bought a scroll of magic mapping for 63 gold pieces
 31425 | D:15     | Got a smoking bronze ring
 31510 | D:13     | Identified the ring "Exym" {Str+4 Stlth-} (You found it on level 15 of the Dungeon)
 31514 | D:13     | Identified the ring of Giuclita {Fire +Blink Str+4 Dex+4} (You found it on level 15 of the Dungeon)
 31643 | D:15     | Reached skill level 21 in Fighting
 31646 | D:15     | Got a brightly glowing marble ring
 31763 | D:14     | Identified the ring of the King {Int+4 Dex+4} (You took it off a skeletal warrior on level 15 of the Dungeon)
 31839 | D:15     | Received a gift from Trog
 31847 | D:15     | Got a fine battleaxe {god gift}
 31890 | D:15     | Found Wassar's General Store.
 31944 | D:15     | Paralysed by a giant eyeball for 2 turns
 32358 | D:13     | Identified the +3 battleaxe "Dineata" {chop, Noisy Dex+6} (Trog gifted it to you on level 15 of the Dungeon)
 32416 | D:15     | Reached skill level 5 in Shields
 32416 | D:15     | Reached XP level 17. HP: 173/173 MP: 30/30
 32454 | D:15     | Found a staircase to the Depths.
 32596 | D:15     | Reached XP level 18. HP: 155/182 MP: 31/31
 32720 | D:15     | Bought 2 scrolls of remove curse for 90 gold pieces
 32720 | D:15     | Bought a scroll of remove curse for 45 gold pieces
 32957 | Elf:1    | Entered Level 1 of the Elven Halls
 33427 | Elf:1    | Reached skill level 10 in Armour
 33511 | Elf:1    | Found Siaf's Antique Weapon Shoppe.
 34547 | Spider:2 | Noticed Nessos
 34553 | Spider:2 | Killed Nessos
 35003 | Spider:2 | Received a gift from Trog
 35190 | Spider:2 | Found a roughly hewn altar of Beogh.
 37253 | Spider:4 | Received a gift from Trog
 37716 | Spider:5 | Entered Level 5 of the Spider Nest
 38136 | Spider:5 | Reached skill level 15 in Armour
 38493 | Spider:5 | Received a gift from Trog
 39408 | Spider:5 | Reached XP level 19. HP: 132/189 MP: 17/32
 39542 | Spider:5 | Got a gossamer rune of Zot
 40094 | Shoals:2 | Noticed Donald
 40109 | Shoals:2 | Killed Donald
 40716 | Shoals:3 | Noticed Ilsuiw
 40729 | Shoals:3 | Killed Ilsuiw
 40837 | Shoals:3 | Received a gift from Trog
 42138 | Shoals:4 | Noticed Roxanne
 42152 | Shoals:4 | Killed Roxanne
 42154 | Shoals:4 | Identified Roxanne's Papyrus of Ashen Transmutation (You took it off Roxanne on level 4 of the Shoals)
 42247 | Shoals:5 | Entered Level 5 of the Shoals
 42444 | Shoals:5 | Received a gift from Trog
 42453 | Shoals:5 | Got a translucent jade ring
 42462 | Shoals:5 | Identified the ring of Xoopn {Wiz rF+ MR+ Stlth+} (You took it off a merfolk aquamancer on level 5 of the Shoals)
 42857 | Shoals:5 | Received a gift from Trog
 43306 | Shoals:5 | Identified the Grimoire of Attacks
 43687 | Shoals:5 | Got a barnacled rune of Zot
 44016 | Shoals:5 | Received a gift from Trog
 44067 | Shoals:5 | Got a scorched broad axe {god gift}
 44321 | Lair:2   | Identified the +7 broad axe of Epsaesch {speed, rPois rF+} (Trog gifted it to you on level 5 of the Shoals)
 45651 | Elf:2    | Got a flickering pewter ring
 45661 | Elf:2    | Identified the ring of Croarod {rF+ MP-9 Str+4 Dex+4} (You found it on level 2 of the Elven Halls)
 46176 | Elf:2    | Reached XP level 20. HP: 200/200 MP: 32/32
 46357 | Elf:2    | Received a gift from Trog
 46387 | Elf:2    | Found a runed gate.
 46388 | Elf:2    | Found a runed gate.
 46388 | Elf:2    | Found a runed gate.
 46558 | Elf:2    | Reached skill level 22 in Fighting
 46729 | Elf:2    | Noticed Norris
 46739 | Elf:2    | Killed Norris
 47146 | Elf:3    | Entered Level 3 of the Elven Halls
 47300 | Elf:3    | Got a steaming chain mail
 47330 | Elf:2    | Identified the cursed -4 chain mail of the Five Souls {+Blink MR+ Str-2 Dex-5 Stlth+} (You found it on level 3 of the Elven Halls)
 47591 | Elf:3    | Noticed Saint Roka
 47617 | Elf:3    | Killed Saint Roka
 47656 | Elf:3    | Reached skill level 23 in Fighting
 47673 | Elf:3    | Received a gift from Trog
 47972 | Elf:3    | Found Lacreil's Weapon Shop.
 48514 | Elf:3    | Cast into the Abyss (a deep elf demonologist)
 49076 | Abyss:1  | Gained mutation: Your body is slowly deteriorating. [a neqoxec]
 49115 | Elf:3    | Escaped the Abyss
 49172 | Elf:3    | Reached skill level 24 in Fighting
 49345 | Elf:3    | Cast into the Abyss (a deep elf sorcerer)
 49474 | Elf:3    | Escaped the Abyss
 49594 | Elf:3    | Received a gift from Trog
 49631 | Elf:3    | Got a crude jade ring
 49648 | Elf:3    | Identified the ring of Egomania {rF- Str-2 Dex+8 SInv} (You took it off a deep elf death mage on level 3 of the Elven Halls)
 50229 | Elf:3    | Reached XP level 21. HP: 143/216 MP: 33/33
 50241 | Elf:3    | Reached skill level 25 in Fighting
 50664 | Elf:3    | Received a gift from Trog
 51866 | Lair:1   | Noticed an eight-headed hydra
 51870 | Lair:1   | Killed an eight-headed hydra
 51998 | Vaults:1 | Entered Level 1 of the Vaults
 52425 | Vaults:1 | Received a gift from Trog
 52852 | Vaults:1 | Received a gift from Trog
 53304 | Vaults:2 | Noticed Jorgrun
 53326 | Vaults:2 | Killed Jorgrun
 53748 | Vaults:2 | Found a bloodstained altar of Trog.
 54641 | Vaults:2 | Received a gift from Trog
 55083 | Vaults:2 | Reached skill level 15 in Throwing
 55202 | Vaults:2 | Noticed Frederick
 55225 | Vaults:2 | Killed Frederick
 55225 | Vaults:2 | Reached XP level 22. HP: 226/226 MP: 34/34
 55327 | Vaults:3 | Noticed Sojobo
 55374 | Vaults:3 | Noticed Margery
 55503 | D:12     | Bought a +2 chain mail of fire resistance for 301 gold pieces
 55641 | Vaults:3 | Killed Margery
 55782 | Vaults:3 | Found a flickering gateway to a bazaar.
 55805 | Bazaar   | Entered a bazaar
 55808 | Bazaar   | Found Naotidol's Antique Armour Shop.
 55827 | Bazaar   | Found Fremeloi's Armour Shop.
 55840 | Bazaar   | Found Hamybod's Distillery.
 55845 | Bazaar   | Bought a potion of cure mutation for 315 gold pieces
 55845 | Bazaar   | Bought a potion of cure mutation for 315 gold pieces
 55845 | Bazaar   | Bought a potion of heal wounds for 45 gold pieces
 55845 | Bazaar   | Bought a potion of heal wounds for 45 gold pieces
 55845 | Bazaar   | Bought a potion of heal wounds for 45 gold pieces
 55869 | Bazaar   | Found Wuatiame's Gadget Boutique.
 55911 | Bazaar   | Bought the +12 chain mail "Ogiuluas" {rN++ rCorr} for 788 gold pieces
 55923 | Bazaar   | Bought a potion of restore abilities for 45 gold pieces
 55923 | Bazaar   | Bought a potion of agility for 36 gold pieces
 55923 | Bazaar   | Bought 2 potions of curing for 54 gold pieces
 55923 | Bazaar   | Bought a potion of curing for 27 gold pieces
 55923 | Bazaar   | Bought a potion of curing for 27 gold pieces
 55923 | Bazaar   | Bought a potion of restore abilities for 45 gold pieces
 55942 | Bazaar   | Bought a wand of confusion (40) for 315 gold pieces
 56390 | Lair:2   | Lost mutation: You tend to lose your temper in combat. [potion of cure mutation]
 56390 | Lair:2   | Lost mutation: Your muscles are strong. (Str +2) [potion of cure mutation]
 56390 | Lair:2   | Lost mutation: Your natural rate of healing is unusually fast. [potion of cure mutation]
 56390 | Lair:2   | Lost mutation: You have difficulty communicating with the divine. [potion of cure mutation]
 56390 | Lair:2   | Lost mutation: Your body is slowly deteriorating. [potion of cure mutation]
 56394 | Lair:2   | Gained mutation: You passively map a small area around you. [potion of beneficial mutation]
 56395 | Lair:2   | Gained mutation: Your skin changes colour to match your surroundings (Stealth). [potion of beneficial mutation]
 56396 | Lair:2   | Gained mutation: You are partially covered in slimy green scales (AC +2). [potion of beneficial mutation]
 56514 | Slime:1  | Entered Level 1 of the Pits of Slime
 56566 | Slime:1  | Received a gift from Trog
 57017 | Slime:2  | Gained mutation: You are clumsy. (Dex -2) [a shining eye]
 58090 | Slime:3  | Received a gift from Trog
 58480 | Slime:4  | Found a viscous altar of Jiyva.
 58927 | Slime:4  | Received a gift from Trog
 59659 | Slime:5  | Received a gift from Trog
 59747 | Slime:6  | Entered Level 6 of the Pits of Slime
 60036 | Slime:6  | Found a viscous altar of Jiyva.
 60038 | Slime:6  | Noticed the royal jelly
 60047 | Slime:6  | Killed the royal jelly
 60127 | Slime:6  | Got a clouded jade ring
 60137 | Slime:6  | Got a translucent large shield
 60180 | Slime:6  | Got a faintly glowing hand axe
 60294 | Slime:6  | Got a slimy rune of Zot
 60310 | Slime:6  | Identified the Reference Book on Quantum Curses
 60514 | Lair:2   | Identified the +4 large shield of Feyxar {Str-4 Dex+3} (You found it on level 6 of the Pits of Slime)
 60526 | Lair:2   | Identified the ring "Guechi Diuph" {rElec rPois Int+4 Slay+3} (You found it on level 6 of the Pits of Slime)
 60556 | Lair:2   | Identified the cursed +3 hand axe of Hoyrchol {freeze, rF+ MP-9 Int+7 Dex-3} (You found it on level 6 of the Pits of Slime)
 60764 | Vaults:3 | Upgraded the game from 0.16-a0-4113-g7d8e295 to 0.16-a0-4123-g49b462e
 60847 | Vaults:3 | Found a staircase to the Crypt.
 60870 | Vaults:3 | Killed Sojobo
 60876 | Vaults:3 | Received a gift from Trog
 60880 | Vaults:3 | Got a coiled platinum ring
 61297 | Vaults:3 | Noticed Wiglaf
 61304 | Vaults:3 | Killed Wiglaf
 61616 | Vaults:3 | Reached XP level 23. HP: 173/234 MP: 34/34
 61778 | Vaults:3 | Received a gift from Trog
 61781 | Vaults:3 | Found an iron altar of Okawaru.
 62684 | Vaults:4 | Received a gift from Trog
 63673 | Vaults:4 | Received a gift from Trog
 63994 | Vaults:4 | Received a gift from Trog
 64055 | Vaults:4 | Received a gift from Trog
 64494 | D:13     | Identified the ring of Qiduonup {rC+ MP+9} (You took it off a tengu reaver on level 3 of the Vaults)
 64562 | Crypt:1  | Entered Level 1 of the Crypt
 64795 | Crypt:1  | Reached skill level 10 in Shields
 66817 | Crypt:2  | Reached XP level 24. HP: 202/242 MP: 35/35
 66838 | Crypt:3  | Entered Level 3 of the Crypt
 67263 | Crypt:3  | Reached skill level 15 in Shields
 67472 | Crypt:3  | Received a gift from Trog
 67492 | Crypt:3  | Found a basalt altar of Yredelemnul.
 67801 | Crypt:3  | Identified a -1 rod of ignition (14/14) (You found it on level 3 of the Crypt)
 68803 | Crypt:3  | Found a staircase to the Tomb.
 69440 | Depths:1 | Entered Level 1 of the Depths
 69991 | Depths:1 | Found a one-way gate to the infinite horrors of the Abyss.
 70090 | Depths:1 | Found a gateway to Hell.
 70283 | Depths:1 | Received a gift from Trog
 70502 | Depths:2 | Found a one-way gate leading to the halls of Pandemonium.
 70531 | Depths:2 | Paralysed by a giant eyeball for 2 turns
 70536 | Depths:2 | Found a gateway to a ziggurat.
 70548 | Depths:2 | Paralysed by a giant eyeball for 4 turns
 70852 | Depths:2 | Received a gift from Trog
 70997 | Depths:2 | Received a gift from Trog
 71340 | Depths:2 | Received a gift from Trog
 71344 | Depths:2 | Got an encrusted broad axe {god gift}
 71365 | Depths:2 | Identified the +4 broad axe of Ziregh {antimagic, +Blink rElec rF+ Dex+4} (Trog gifted it to you on level 2 of the Depths)
 71563 | Depths:3 | Reached XP level 25. HP: 246/253 MP: 35/35
 71570 | Depths:3 | Reached skill level 26 in Fighting
 72040 | Depths:3 | Noticed Agnes
 72049 | Depths:3 | Killed Agnes
 72092 | Depths:3 | Received a gift from Trog
 72523 | D:12     | Bought a wand of teleportation (6) for 360 gold pieces
 72523 | D:12     | Bought a phantom mirror for 360 gold pieces
 72849 | Depths:3 | Noticed Xtahua
 72865 | Depths:3 | Killed Xtahua
 73069 | Depths:3 | Received a gift from Trog
 73119 | Depths:3 | Reached skill level 27 in Fighting
 73484 | Hell     | Entered the Vestibule of Hell
 73484 | Hell     | Noticed Geryon
 73488 | Hell     | Noticed Murray
 73521 | Hell     | Gained mutation: Scrolls take you a little longer to read. [a cacodemon]
 73552 | Depths:3 | Killed Murray
 73727 | Hell     | Killed Geryon
 73782 | Hell     | Received a gift from Trog
 73965 | Hell     | Found a gateway to the ashen valley of Gehenna.
 74108 | Hell     | Found a gateway to the decaying netherworld of Tartarus.
 74405 | Hell     | Found a gateway to the freezing wastes of Cocytus.
 74587 | Hell     | Found a gateway to the Iron City of Dis.
 75003 | Depths:4 | Received a gift from Trog
 75246 | Depths:4 | Reached XP level 26. HP: 266/266 MP: 36/36
 75720 | Depths:4 | Got a jewelled battleaxe
 75770 | Depths:4 | Received a gift from Trog
 75848 | Depths:4 | Received a gift from Trog
 76111 | Hell     | Identified the +0 battleaxe of the Shining Light {holy, rC- Str+2 Int+7} (You found it on level 4 of the Depths)
 76373 | Depths:5 | Entered Level 5 of the Depths
 76486 | Depths:5 | Reached skill level 27 in Axes
 77123 | D:15     | Bought a scroll of remove curse for 45 gold pieces
 77123 | D:15     | Bought a scroll of remove curse for 45 gold pieces
 77123 | D:15     | Bought a scroll of remove curse for 45 gold pieces
 77123 | D:15     | Bought 2 scrolls of fear for 105 gold pieces
 77123 | D:15     | Bought a scroll of enchant armour for 112 gold pieces
 77520 | Depths:5 | Reached skill level 15 in Evocations
 77876 | Depths:5 | Received a gift from Trog
 78140 | Depths:5 | Found a gate to the Realm of Zot.
 78306 | Depths:5 | Received a gift from Trog
 78400 | Depths:5 | Got a smoking battleaxe {god gift}
 79295 | Hell     | Identified the +8 battleaxe "Criutirr" {chop, rC+ Int-2 Dex+2 Stlth+} (Trog gifted it to you on level 5 of the Depths)
 79414 | Zig:1    | Entered Level 1 of a ziggurat
 79460 | Zig:2    | Entered Level 2 of a ziggurat
 79487 | Zig:3    | Entered Level 3 of a ziggurat
 79510 | Zig:3    | Got a twitching amber ring
 79515 | Zig:3    | Identified the ring of Qyenkop {+Blink Int+2 SInv} (You found it on level 3 of a ziggurat)
 79567 | Zig:4    | Entered Level 4 of a ziggurat
 79744 | Zig:5    | Entered Level 5 of a ziggurat
 79856 | Zig:5    | Got a jewelled plate armour
 79859 | Zig:5    | Identified the +2 plate armour of Joy {rPois rCorr Int-4 Dex+4} (You found it on level 5 of a ziggurat)
 79864 | Zig:6    | Entered Level 6 of a ziggurat
 79890 | Zig:6    | Received a gift from Trog
 79893 | Zig:6    | Reached XP level 27. HP: 223/273 MP: 38/38
 79945 | Zig:6    | Got a scorched pewter ring
 79947 | Zig:6    | Identified the ring "Riodaost" {Int+3 Dex+9 Slay+1} (You found it on level 6 of a ziggurat)
 79988 | Zig:7    | Entered Level 7 of a ziggurat
 80135 | Zig:8    | Entered Level 8 of a ziggurat
 80217 | Zig:8    | Received a gift from Trog
 80334 | Zig:9    | Entered Level 9 of a ziggurat
 80381 | Zig:9    | Received a gift from Trog
 80493 | Zig:10   | Entered Level 10 of a ziggurat
 80681 | Zig:11   | Entered Level 11 of a ziggurat
 80818 | Zig:12   | Entered Level 12 of a ziggurat
 80841 | Zig:12   | Received a gift from Trog
 80930 | Zig:13   | Entered Level 13 of a ziggurat
 81008 | Zig:13   | Received a gift from Trog
 81116 | Zig:14   | Entered Level 14 of a ziggurat
 81162 | Zig:14   | Paralysed by accursed screaming for 2 turns
 81179 | Zig:14   | HP: 7/273 [starcursed mass/accursed screaming (17)]
 81179 | Zig:14   | Paralysed by accursed screaming for 2 turns
 81185 | Zig:14   | Paralysed by accursed screaming for 2 turns
 81186 | Zig:14   | HP: 3/273 [starcursed mass/accursed screaming (15)]
 81401 | Zig:15   | Entered Level 15 of a ziggurat
 81462 | Zig:15   | Received a gift from Trog
 81713 | Zig:15   | Got a bound golden ring
 81715 | Zig:15   | Identified the ring "Vuublucw" {rF+ Str+3} (You found it on level 15 of a ziggurat)
 81823 | Zig:16   | Entered Level 16 of a ziggurat
 81890 | Zig:16   | Received a gift from Trog
 81892 | Zig:16   | Noticed Eptagon's ghost (legendary FoFi)
 81958 | Zig:16   | Killed Eptagon's ghost
 81961 | Zig:16   | Received a gift from Trog
 82071 | Zig:17   | Entered Level 17 of a ziggurat
 82258 | Zig:17   | Got a coiled brass amulet
 82261 | Zig:17   | Identified the amulet "Mesouwko" {Inacc rC+ Str+2} (You found it on level 17 of a ziggurat)
 82435 | Zig:18   | Entered Level 18 of a ziggurat
 82646 | Zig:18   | Reached skill level 5 in Unarmed Combat
 82658 | Zig:19   | Entered Level 19 of a ziggurat
 82705 | Zig:19   | Received a gift from Trog
 82905 | Zig:19   | Got a sparkling wooden ring
 82907 | Zig:19   | Identified the ring of the Amoeba {rElec rPois rF+ rN++ MP+9} (You found it on level 19 of a ziggurat)
 82918 | Zig:20   | Entered Level 20 of a ziggurat
 82965 | Zig:20   | Noticed Gosemoas the pandemonium lord
 82979 | Zig:20   | Received a gift from Trog
 82987 | Zig:20   | Killed Gosemoas the pandemonium lord
 83402 | Hell     | Upgraded the game from 0.16-a0-4123-g49b462e to 0.16-a0-4133-g472b14a
 83511 | Zot:1    | Entered Level 1 of the Realm of Zot
 83952 | Zot:1    | Received a gift from Trog
 84314 | Zot:1    | Received a gift from Trog
 85193 | Zot:2    | Received a gift from Trog
 85678 | Zot:2    | Got a fine war axe {god gift}
 85693 | Zot:2    | Identified the +9 war axe of Serendipity {chop, Int+5 Stlth+} (Trog gifted it to you on level 2 of the Realm of Zot)
 86227 | Zot:2    | Noticed an orb of fire
 86290 | Zot:3    | Received a gift from Trog
 86349 | Zot:3    | Got an ichor-stained war axe {god gift}
 86353 | Zot:3    | Identified the +1 war axe of Luykkeis {freeze, rC- MR+ Int+7} (Trog gifted it to you on level 3 of the Realm of Zot)
 86696 | Zot:3    | Reached skill level 27 in Armour
 88121 | Zot:4    | Received a gift from Trog
 88605 | Zot:5    | Entered Level 5 of the Realm of Zot
 89073 | Zot:5    | Noticed an ancient lich
 89082 | Zot:5    | Killed an ancient lich
 89094 | Zot:5    | Noticed an ancient lich
 89100 | Zot:5    | Killed an ancient lich
 89258 | Zot:5    | Received a gift from Trog
 89263 | Zot:5    | Noticed an orb of fire
 89268 | Zot:5    | Gained mutation: You occasionally shout uncontrollably at your foes. [an orb of fire]
 89271 | Zot:5    | Gained mutation: You are partially covered in large bone plates (AC +2, SH +2). [an orb of fire]
 89274 | Zot:5    | Gained mutation: Your skin blends seamlessly with your surroundings (Stealth). [an orb of fire]
 89282 | Zot:5    | Gained mutation: You expend magic power (3 MP) to slightly strengthen your wands. [an orb of fire]
 89292 | Zot:5    | Gained mutation: Your spells are a little easier to cast, but a little less powerful. [an orb of fire]
 89309 | Zot:5    | Killed an orb of fire
 89573 | Hell     | Lost mutation: Scrolls take you a little longer to read. [potion of cure mutation]
 89573 | Hell     | Lost mutation: You occasionally shout uncontrollably at your foes. [potion of cure mutation]
 89573 | Hell     | Lost mutation: You passively map a small area around you. [potion of cure mutation]
 89573 | Hell     | Lost mutation: Your spells are a little easier to cast, but a little less powerful. [potion of cure mutation]
 91537 | Zot:5    | Noticed an ancient lich
 91538 | Zot:5    | Noticed an orb of fire
 91551 | Zot:5    | Killed an ancient lich
 91600 | Zot:5    | Noticed an orb of fire
 91605 | Zot:5    | Killed an orb of fire
 91641 | Zot:5    | Noticed an ancient lich
 91647 | Zot:5    | Killed an ancient lich
 91657 | Zot:5    | Noticed an orb of fire
 91674 | Zot:5    | Gained mutation: You are very clumsy. (Dex -4) [an orb of fire]
 91680 | Zot:5    | Killed an orb of fire
 91743 | Zot:5    | Noticed an orb of fire
 91753 | Zot:5    | Gained mutation: Scrolls take you a little longer to read. [an orb of fire]
 91762 | Zot:5    | Killed an orb of fire
 91787 | Zot:5    | Noticed an ancient lich
 91802 | Zot:5    | Killed an ancient lich
 92005 | Zot:5    | Killed an orb of fire
 92147 | Zot:5    | Got a sparkling steel ring
 92153 | Zot:5    | Identified the ring of Ponyic {rC+ Str+6} (You found it on level 5 of the Realm of Zot)
 92171 | Zot:5    | Noticed an orb of fire
 92177 | Zot:5    | Killed an orb of fire
 92333 | Zot:5    | Lost mutation: You are very clumsy. (Dex -4) [potion of cure mutation]
 92333 | Zot:5    | Lost mutation: You are clumsy. (Dex -2) [potion of cure mutation]
 92333 | Zot:5    | Lost mutation: You are partially covered in large bone plates (AC +2, SH +2). [potion of cure mutation]
 92333 | Zot:5    | Lost mutation: You expend magic power (3 MP) to slightly strengthen your wands. [potion of cure mutation]
 92333 | Zot:5    | Lost mutation: Scrolls take you a little longer to read. [potion of cure mutation]
 92334 | Zot:5    | Gained mutation: You have large cloven feet. [potion of beneficial mutation]
 92335 | Zot:5    | Got the Orb of Zot
 92503 | Zot:2    | Noticed Bleshiz the pandemonium lord
 92518 | Zot:2    | Killed Bleshiz the pandemonium lord
 92819 | D:11     | Received a gift from Trog
 92865 | D:11     | Noticed Ciacs the pandemonium lord
 92883 | D:11     | Noticed an ancient lich
 92884 | D:11     | Killed Ciacs the pandemonium lord
 92894 | D:11     | Killed an ancient lich
 93136 | D:1      | Noticed Throef the pandemonium lord
 93142 | D:1      | Killed Throef the pandemonium lord
 93144 | D:$      | Escaped with the Orb!

Action                   |  1- 3 |  4- 6 |  7- 9 | 10-12 | 13-15 | 16-18 | 19-21 | 22-24 | 25-27 || total
-------------------------+-------+-------+-------+-------+-------+-------+-------+-------+-------++-------
Melee: Hand axe          |    58 |   213 |   340 |   124 |       |       |       |       |       ||   735
       War axe           |       |       |       |   218 |   578 |   891 |  1528 |  1475 |  2097 ||  6787
       Broad axe         |       |       |       |   333 |   653 |       |       |       |   265 ||  1251
       Battleaxe         |       |       |       |       |    77 |       |       |       |       ||    77
 Fire: Greatsling        |       |       |       |     4 |       |       |       |       |       ||     4
Throw: Stone             |     7 |    53 |    88 |    56 |    10 |       |       |       |       ||   214
       Javelin           |       |       |    32 |    44 |    75 |   109 |   341 |   655 |  1504 ||  2760
       Tomahawk          |       |       |       |   130 |   403 |   402 |   195 |   261 |       ||  1391
       Throwing net      |       |       |       |     3 |       |       |       |       |       ||     3
Invok: Berserk           |     1 |     1 |     6 |     2 |       |       |       |       |       ||    10
       Trog's Hand       |       |       |     1 |       |     1 |       |    12 |     4 |    28 ||    46
       Burn Spellbooks   |       |       |       |     1 |     1 |     3 |     4 |     2 |    16 ||    27
       Brothers in Arms  |       |       |       |       |     2 |     1 |     5 |     1 |     3 ||    12
 Abil: Evoke Flight      |       |       |       |       |     7 |     4 |    38 |     3 |     8 ||    60
       Evoke Teleportati |       |       |       |       |       |       |     2 |     2 |     3 ||     7
       Evoke Teleport Co |       |       |       |       |       |       |     1 |     1 |     3 ||     5
       Evoke Blink       |       |       |       |       |       |       |       |       |     4 ||     4
Evoke: Wand              |       |       |     8 |     1 |     1 |     8 |     7 |     7 |     7 ||    39
       Lamp of fire      |       |       |       |       |       |       |     1 |     2 |     3 ||     6
       Phial of floods   |       |       |       |       |       |       |       |     1 |     6 ||     7
       Stone of tremors  |       |       |       |       |       |       |       |     1 |       ||     1
       Disc of storms    |       |       |       |       |       |       |       |       |     2 ||     2
       Fan of gales      |       |       |       |       |       |       |       |       |     1 ||     1
  Use: Potion            |     1 |       |       |       |     3 |     5 |     5 |     8 |    23 ||    45
       Scroll            |       |     4 |    12 |    16 |    12 |     7 |    11 |     8 |    27 ||    97
 Stab: Sleeping          |     1 |       |       |       |       |       |       |       |       ||     1
       Held in net/web   |       |       |       |     2 |       |       |     1 |       |       ||     3
       Invisible         |       |       |       |       |       |       |       |     3 |       ||     3
       Distracted        |       |       |       |       |       |       |       |     1 |     1 ||     2
  Eat: Chunk             |     1 |     6 |    21 |    34 |    62 |    48 |   108 |    91 |   222 ||   593
       Pizza             |       |       |       |     2 |       |       |     3 |     2 |     1 ||     8
       Beef jerky        |       |       |       |       |     1 |     1 |       |     2 |       ||     4
       Royal jelly       |       |       |       |       |       |     1 |       |       |       ||     1
       Fruit             |       |       |       |       |       |       |     6 |     2 |    10 ||    18
       Meat ration       |       |       |       |       |       |       |     2 |     1 |     2 ||     5
       Bread ration      |       |       |       |       |       |       |       |     4 |       ||     4
